 Dungeon Crawl Stone Soup version 0.28.0-43-g3370ac3207 (webtiles) character file.

Game seed: 12842937629490241584

10054 theElss the Fighter (level 11, 0/72 HPs)
             Began as a Gargoyle Berserker on Mar 26, 2022.
             Was a Priest of Trog.
             Slain by a skeletal warrior
             ... wielding a +0 flail
             ... led by a death knight
              (14 damage)
             ... on level 10 of the Dungeon on Mar 27, 2022.
             The game lasted 00:33:40 (13521 turns).

theElss the Fighter (Gargoyle Berserker)           Turns: 13521, Time: 00:33:42

Health: 0/72       AC: 24    Str: 22    XL:     11   Next: 56%
Magic:  11/11      EV: 13    Int:  9    God:    Trog [***...]
Gold:   623        SH:  5    Dex: 11    Spells: 10/10 levels left

rFire   . . .      SeeInvis .   u - +1 whip (flame)
rCold   . . .      Faith    .   o - +0 buckler
rNeg    + . .      Spirit   .   F - +4 ring mail "Quminyocw" {Will+ Stlth+}
rPois   ∞          Reflect  .   (no helmet)
rElec   +          Harm     .   D - +0 cloak
rCorr   +          Rampage  .   J - +0 pair of gloves
Will    ++...                   q - +1 pair of boots of Untruth {Will+ rCorr Slay+2 Stlth+}
Stlth   +++.......              (no amulet)
HPRegen 0.22/turn               (no ring)
MPRegen 0.12/turn               (no ring)

@: on berserk cooldown, slowed, very slow
A: sickness immunity, AC +8, negative energy resistance 1, electricity
resistance, torment resistance 1, petrification resistance
a: Renounce Religion, Berserk, Trog's Hand


You were on level 10 of the Dungeon.
You worshipped Trog.
Trog was most pleased with you.
You visited 1 branch of the dungeon, and saw 11 of its levels.
You also visited: Ossuary.

You collected 885 gold pieces.
You spent 262 gold pieces at shops.

Inventory:

Hand Weapons
 a - a +0 mace of freezing
 u - a +1 whip of flaming (weapon)
Missiles
 p - a throwing net (quivered)
Armour
 o - a +0 buckler (worn)
 q - the +1 pair of boots of Untruth (worn) {Will+ rCorr Slay+2 Stlth+}
   (You found it on level 7 of the Dungeon)

   Slay:      It affects your accuracy & damage with ranged weapons and melee
   (+2).
   rCorr:     It protects you from acid and corrosion.
   Will:      It increases your willpower.
   Stlth:     It makes you more stealthy.
 B - a +0 plate armour
 D - a +0 cloak (worn)
 F - the +4 ring mail "Quminyocw" (worn) {Will+ Stlth+}
   (You found it on level 7 of the Dungeon)

   Will:      It increases your willpower.
   Stlth:     It makes you more stealthy.
 J - a +0 pair of gloves (worn)
Jewellery
 E - a ring of ice
Wands
 v - a wand of acid (13)
 C - a wand of flame (18)
 L - a wand of iceblast (4)
Scrolls
 b - a scroll of silence {unknown}
 d - 3 scrolls of immolation
 f - 4 scrolls of enchant armour
 h - 2 scrolls of brand weapon
 i - 2 scrolls of summoning
 j - 6 scrolls of teleportation
 k - 3 scrolls of enchant weapon
 m - a scroll of fog
 r - a scroll of fear {unknown}
 x - 2 scrolls of torment {unknown}
 y - a scroll of magic mapping
 z - 2 scrolls of blinking
 G - 2 scrolls of vulnerability {unknown}
Potions
 c - 2 potions of flight
 e - 6 potions of curing
 g - 3 potions of haste
 l - a potion of degeneration {unknown}
 n - 4 potions of heal wounds
 s - a potion of attraction {unknown}
 t - 6 potions of lignification
 w - 2 potions of cancellation
 A - 2 potions of might
 H - 2 potions of berserk rage
 I - 2 potions of ambrosia
 K - a potion of resistance


   Skills:
 + Level 9.9 Fighting
 + Level 9.0 Maces & Flails
 + Level 9.5 Armour
 + Level 7.3 Dodging
 + Level 6.5 Shields


You had 10 spell levels left.
You didn't know any spells.
Your spell library was empty.

Dungeon Overview and Level Annotations

Branches:
Dungeon (11/15)            Temple (0/1) D:7             Orc (0/2) D:10
Ossuary (visited)
   Lair: D:8-11

Altars:
Cheibriados
Kikubaaqudgha
Qazlal
Trog
Xom
Yredelemnul

Shops:
D:8 (   D:10 [*![?


Innate Abilities, Weirdness & Mutations

You are immune to sickness and miasma.
Your stone body is resilient. (AC +8)
You are immune to poison.
You resist negative energy. (rN+)
You are resistant to electric shocks. (rElec)
You are resistant to unholy torment.
You are immune to petrification.


Message History

The skeletal warrior hits you with a +0 flail.
You hit the skeletal warrior but do no damage.
The skeletal warrior is almost destroyed.
The skeletal warrior barely misses you.
You hit the skeletal warrior but do no damage.
The skeletal warrior is almost destroyed.
The skeletal warrior closely misses you.
You barely miss the skeletal warrior.
The skeletal warrior is almost destroyed.
The skeletal warrior barely misses you.
You hit the skeletal warrior. You burn the skeletal warrior.
The skeletal warrior is almost destroyed.
The skeletal warrior closely misses you.
You hit the skeletal warrior. You burn the skeletal warrior.
The skeletal warrior is almost destroyed.
The skeletal warrior closely misses you.
You hit the skeletal warrior. You burn the skeletal warrior.
The skeletal warrior is almost destroyed.
The skeletal warrior hits you but does no damage.
You barely miss the skeletal warrior.
The skeletal warrior is almost destroyed.
The skeletal warrior hits you with a +0 flail!
You hit the skeletal warrior. You burn the skeletal warrior.
The skeletal warrior is almost destroyed.
The skeletal warrior barely misses you.
You hit the skeletal warrior but do no damage.
The skeletal warrior is almost destroyed.
The skeletal warrior barely misses you.
You hit the skeletal warrior but do no damage.
The skeletal warrior is almost destroyed.
The skeletal warrior misses you.
You hit the skeletal warrior but do no damage.
The skeletal warrior is almost destroyed.
The skeletal warrior hits you with a +0 flail.
You hit the skeletal warrior but do no damage.
The skeletal warrior is almost destroyed.
The skeletal warrior hits you with a +0 flail!!
* * * LOW HITPOINT WARNING * * *
The skeletal warrior hits you with a +0 flail!
You die...

#.# #...#.##.#.....##.#
####.####...#..#.#.....##.#
............##.#.#.....##.#
............##.#.#.....##.#
....[.......##.#.#.....##.#
.≈..≈.......##.#.#...<..#.#
....≈≈≈..........#......#.#
....≈≈≈.....##...#......#.#
.........#####..@#.....##.#
.≈≈≈.....## ##.#z##.#.....#
....}.....# #..#....♣.#####
......##..###>....♣.∩.♣
......##....#####.##♣.#
........∩...# #.# #.#
####.....#### #.# #.#
####..# #.###.# #..#
#.....#


You could see a skeletal warrior.

Vanquished Creatures
  Gastronok (D:9)
  A two-headed ogre (D:10)
  Pikel (D:3)
  Maurice (D:9)
  A troll (D:11)
  A hornet (D:9)
  A meliai zombie (D:10)
  3 shadows
  A wraith (D:9)
  A wyvern (D:10)
  Sigmund (D:4)
  5 yaks (D:9)
  3 steam dragons
  Menkaure (D:6)
  An acid dragon (D:8)
  6 water moccasins
  3 orc warriors
  A sky beast (D:7)
  2 necrophages
  4 ogres
  3 centaurs
  A lemure (D:3)
  A kobold brigand (D:9)
  4 bullfrogs
  6 gnoll sergeants
  A wyvern zombie (D:8)
  2 scorpions
  6 killer bees
  4 wights (D:8)
  2 howler monkeys (D:11)
  A bullfrog zombie (D:5)
  A centaur zombie (D:9)
  3 jellies
  Crazy Yiuf (D:6)
  3 orc priests
  A bullfrog skeleton (D:5)
  3 gnoll shamans
  7 hounds
  A centaur skeleton (D:4)
  3 iguanas
  A scorpion zombie (D:3)
  13 orc wizards
  A hound zombie (Ossuary)
  A hound skeleton (D:3)
  3 howler monkey zombies
  3 mummies (Ossuary)
  Robin (D:4)
  26 gnolls
  A howler monkey skeleton (D:5)
  6 adders
  A shadow imp (D:7)
  A white imp (D:8)
  An ufetubus (D:7)
  2 adder zombies (Ossuary)
  An adder skeleton (D:4)
  A worm (D:3)
  6 dart slugs
  43 orcs
  7 bats
  5 endoplasms
  3 giant cockroaches
  11 hobgoblins
  7 jackals
  2 quokkas (D:1)
  9 ball pythons
  A ball python skeleton (D:3)
  A ball python zombie (D:3)
  4 frilled lizards (D:1)
  16 goblins
  A goblin zombie (Ossuary)
  A hobgoblin zombie (Ossuary)
  10 kobolds
  An orc zombie (Ossuary)
  2 quokka skeletons
  5 rats
  A rat zombie (Ossuary)
292 creatures vanquished.

Vanquished Creatures (collateral kills)
  A human zombie (Ossuary)
  An adder zombie (Ossuary)
  2 gnoll zombies (Ossuary)
  A jackal zombie (Ossuary)
5 creatures vanquished.

Vanquished Creatures (others)
  2 two-headed ogres (D:10)
  2 cyclopes (D:10)
  A troll (D:10)
  An orc warrior (D:10)
  2 orc wizards
  A plant (D:8)
  2 withered plants (D:3)
11 creatures vanquished.

Grand Total: 308 creatures vanquished

Notes
Turn   | Place    | Note
-------+----------+-------------------------------------------
     0 | D:1      | theElss the Gargoyle Berserker began the quest for the Orb.
     0 | D:1      | Reached XP level 1. HP: 14/14 MP: 1/1
   215 | D:1      | Reached XP level 2. HP: 19/19 MP: 2/2
   628 | D:1      | Reached XP level 3. HP: 20/23 MP: 3/3
   678 | D:1      | Reached ** piety under Trog
  1633 | D:2      | Reached XP level 4. HP: 26/29 MP: 4/4
  2297 | D:3      | Found an ancient bone altar of Kikubaaqudgha.
  2477 | D:3      | Reached XP level 5. HP: 32/33 MP: 5/5
  2953 | D:3      | Noticed a centaur
  2959 | D:3      | Killed a centaur
  2960 | D:3      | Reached XP level 6. HP: 39/39 MP: 6/6
  3561 | D:4      | Noticed Pikel
  3641 | D:3      | Killed Pikel
  3642 | D:3      | Reached skill level 5 in Fighting
  3642 | D:3      | Reached skill level 5 in Maces & Flails
  3642 | D:3      | Reached skill level 5 in Armour
  3642 | D:3      | Reached XP level 7. HP: 11/44 MP: 7/7
  3951 | D:4      | Found a basalt altar of Yredelemnul.
  4012 | D:4      | Noticed Sigmund
  4022 | D:4      | Killed Sigmund
  4023 | D:4      | Reached XP level 8. HP: 51/51 MP: 8/8
  4126 | D:4      | Noticed Robin
  4169 | D:4      | Reached *** piety under Trog
  4176 | D:4      | Killed Robin
  4320 | D:4      | Found a stormy altar of Qazlal.
  4404 | D:5      | Entered Level 5 of the Dungeon
  5167 | D:5      | Reached XP level 9. HP: 40/56 MP: 9/9
  5379 | D:5      | Reached skill level 5 in Dodging
  5841 | D:5      | Reached skill level 1 in Shields
  6989 | D:6      | Noticed Menkaure
  6998 | D:6      | Killed Menkaure
  7865 | D:6      | Reached XP level 10. HP: 60/64 MP: 10/10
  7955 | D:6      | Found a runed translucent door.
  7956 | D:6      | Noticed Crazy Yiuf
  8181 | D:6      | Killed Crazy Yiuf
  8276 | D:7      | Identified the +1 pair of boots of Untruth {Will+ rCorr
                  | Slay+2 Stlth+}
  8489 | D:7      | Found a bloodstained altar of Trog.
  8688 | D:7      | Identified the +4 ring mail "Quminyocw" {Will+ Stlth+}
  8861 | D:7      | Reached **** piety under Trog
  9497 | D:7      | Found a staircase to the Ecumenical Temple.
  9632 | D:8      | Found a sand-covered staircase.
  9647 | Ossuary  | Entered an ossuary
 10398 | D:8      | Found Quiw's Hydra Hut.
 10402 | D:8      | Noticed a six-headed hydra
 11551 | D:9      | Reached skill level 5 in Shields
 11617 | D:9      | Noticed Gastronok
 11637 | D:9      | Killed Gastronok
 11638 | D:9      | Reached XP level 11. HP: 71/71 MP: 11/11
 11809 | D:9      | Noticed Maurice
 11817 | D:9      | Killed Maurice
 12303 | D:10     | Entered Level 10 of the Dungeon
 12429 | D:10     | Found a staircase to the Orcish Mines.
 12439 | D:10     | Found Weenokkin's Distillery.
 12445 | D:10     | Bought a potion of curing for 39 gold pieces
 12445 | D:10     | Bought a potion of resistance for 130 gold pieces
 12445 | D:10     | Bought a potion of heal wounds for 65 gold pieces
 12481 | D:10     | Killed a cyclops
 12485 | D:10     | Noticed a two-headed ogre
 12492 | D:10     | Noticed a two-headed ogre
 12492 | D:10     | Found a shimmering altar of Xom.
 12498 | D:10     | Noticed a cyclops
 12501 | D:10     | Killed a two-headed ogre
 12504 | D:10     | Killed a two-headed ogre
 12505 | D:10     | Killed a cyclops
 12685 | D:10     | Noticed a two-headed ogre
 12687 | D:10     | Found Uckomm's Magic Scroll Shop.
 12695 | D:10     | Killed a two-headed ogre
 12718 | D:10     | Bought a scroll of fog for 28 gold pieces
 12723 | D:10     | Found Tauhist's Antique Armour Shoppe.
 12788 | D:10     | Found Ypaf's Assorted Antiques.
 12842 | D:10     | Found Jewox's Armour Shoppe.
 13036 | D:10     | Found a snail-covered altar of Cheibriados.
 13436 | D:11     | Noticed a skeletal warrior
 13436 | D:11     | Noticed a skeletal warrior
 13437 | D:11     | Noticed a death knight
 13437 | D:11     | Noticed a death knight
 13437 | D:11     | Noticed a skeletal warrior
 13438 | D:11     | Noticed a skeletal warrior
 13438 | D:11     | Noticed a phantasmal warrior
 13521 | D:10     | Slain by a skeletal warrior

Illustrated notes

Levels and vault maps discovered:
D:1:      evilmike_arrival_grusome_pit, layout_basic
D:2:      layout_basic
D:3:      layout_basic, amcnicky_altar_gilded, serial_undead, serial_undead_f,
          serial_undead_e, serial_undead_e, serial_undead_e
D:4:      layout_rooms, mainiacjoe_overflow_swirl, uniq_robin, uniq_pikel,
          uniq_sigmund
D:5:      layout_cave_pools, serial_gnoll_camp, gnoll_camp_mini_house,
          gnoll_camp_mini_house, gnoll_camp_mini_basic, gnoll_camp_mini_hut,
          gnoll_camp_mini_sergeant, gnoll_camp_medium_02
D:6:      nicolae_cairo_tiling_very_big, layout_gridville, corexii_checkpoint_a,
          minmay_misc_feat_tiny, minmay_misc_feat_cross,
          chequers_decorated_corner, minmay_fractal_squares_5, uniq_menkaure,
          uniq_crazy_yiuf_cottage
D:7:      layout_basic, lemuel_crystal_altar, minmay_temple_entry_nine_rooms,
          chequers_serial_rivers_micro_b
D:8:      layout_basic, chequers_ossuary_entry_cave, doesnt_shop_hydraphobe
D:9:      layout_loops_ring, small_statue_intersection, uniq_maurice,
          uniq_gastronok
D:10:     layout_basic, xom_confusion_cloud, kennysheep_mini_moat, orc_0_dummy,
          serial_shops, nicolae_shop_competitors_out_of_business,
          kennysheep_little_box, nicolae_square_shop, shop, nicolae_shop_trees,
          small_statue_alley_a
D:11:     layout_roguey, david_lair_shrubbed

Skill      XL: |  1  2  3  4  5  6  7  8  9 10 11 |
---------------+----------------------------------+-----
Dodging        | 2 3 4 5 6 7 |  7.3
Armour         | 3 5 6 7 8 9 |  9.5
Fighting       | 4 5 6 8 9 |  9.9
Maces & Flails | 4 5 6 7 8 9 |  9.0
Shields        | 3 5 6 |  6.5

Action                   |  1- 3 |  4- 6 |  7- 9 | 10-12 || total
-------------------------+-------+-------+-------+-------++-------
Melee: Mace              |   115 |   180 |     8 |       ||   303
       Punch             |     1 |     4 |     5 |       ||    10
       Whip              |       |       |   570 |   555 ||  1125
Invok: Berserk           |       |     5 |    13 |    21 ||    39
       Trog's Hand       |       |     1 |     1 |     3 ||     5
       Brothers in Arms  |       |       |       |     1 ||     1
  Use: Scroll            |       |       |     7 |     8 ||    15
 Stab: Sleeping          |     2 |       |       |     4 ||     6
Armor: Animal skin       |    61 |    17 |       |       ||    78
       Scale mail        |       |    82 |   312 |       ||   394
       Leather armour    |       |     3 |       |       ||     3
       Plate armour      |       |       |    11 |    30 ||    41
       Ring mail         |       |       |       |   194 ||   194
Dodge: Dodged            |   102 |   152 |   306 |   213 ||   773
Block: Buckler           |       |       |    55 |    94 ||   149
